TOP OF THE 1ST |
---|
Kansas City Kings batting - Pitching for Chicago Machine : RHP Chris Mitchell | Pitching: RHP Chris Mitchell | | Batting: RHB Chris Chandler | 0-0: Ball 1-0: Ball 2-0: Ball 3-0: Called Strike 3-1: SINGLE (Line Drive, 78S) | Batting: SHB Douglas Taylor | 0-0: Ball Chris Chandler steals 2nd base 1-0: Ball 2-0: Ball 3-0: Called Strike 3-1: Ground out U3 (Groundball, 3) Chris Chandler to third | Batting: RHB Toshimichi Kono | 0-0: Ball 1-0: Fly out, F4 (Popup, 23) | Batting: RHB Oliver Lugo | 0-0: Called Strike 0-1: Ball 1-1: Ground out 4-3 (Groundball, 4) | Top of the 1st over - 0 runs, 1 hit, 0 errors, 1 left on base; Kansas City 0 - Chicago 0 | BOTTOM OF THE 1ST |
---|
Chicago Machine batting - Pitching for Kansas City Kings : LHP Francisco Morales | Pitching: LHP Francisco Morales | | Batting: RHB Gonzalo Gil | 0-0: DOUBLE (Line Drive, 7LD) | Batting: SHB José Alomar | 0-0: Called Strike 0-1: Ball 1-1: Called Strike 1-2: Foul Ball, location: 2F 1-2: SINGLE (Groundball, 56D) Gonzalo Gil to third Runner from 3rd tries for Home, SAFE, no throw | Batting: RHB Doug Stephens | 0-0: Ball 1-0: Grounds into double play, 5-4-3 (Groundball, 56) | Batting: RHB Will Lott | 0-0: Called Strike 0-1: Called Strike 0-2: Ball 1-2: Fly out, F7 (Flyball, 78S) | Bottom of the 1st over - 1 run, 2 hits, 0 errors, 0 left on base; Kansas City 0 - Chicago 1 | TOP OF THE 2ND |
---|
Kansas City Kings batting - Pitching for Chicago Machine : RHP Chris Mitchell | Batting: RHB Dave Parker | 0-0: Called Strike 0-1: Foul Ball, location: 2F 0-2: Ball 1-2: Ball 2-2: SINGLE (Groundball, 6MD) | Batting: RHB Cy Keynes | 0-0: Ground out 4-3 (Groundball, 34) Dave Parker to second | Batting: LHB Ron Crawford | 0-0: Called Strike 0-1: Ball 1-1: Ball 2-1: Foul Ball, location: 2F 2-2: Strikes out swinging | Batting: RHB Rafael Carreón | 0-0: Swinging Strike 0-1: Foul Ball, location: 2F 0-2: Ball 1-2: Foul Ball, location: 2F 1-2: Foul Ball, location: 2F 1-2: Foul Ball, location: 2F 1-2: Foul Ball, location: 2F 1-2: Strikes out swinging | Top of the 2nd over - 0 runs, 1 hit, 0 errors, 1 left on base; Kansas City 0 - Chicago 1 | BOTTOM OF THE 2ND |
---|
Chicago Machine batting - Pitching for Kansas City Kings : LHP Francisco Morales | Batting: LHB Bernardo Montés | 0-0: Fly out, F7 (Flyball, 7S) | Batting: RHB Pablo Sandoval | 0-0: Called Strike 0-1: Fly out, F7 (Flyball, 7S) | Batting: RHB Lorenzo Guzmán | 0-0: Ball 1-0: Ball 2-0: Ground out 1-3 (Groundball, P) | Bottom of the 2nd over - 0 runs, 0 hits, 0 errors, 0 left on base; Kansas City 0 - Chicago 1 | TOP OF THE 3RD |
---|
Kansas City Kings batting - Pitching for Chicago Machine : RHP Chris Mitchell | Batting: RHB Gregg Nelson | 0-0: Swinging Strike 0-1: Ball 1-1: Ground out 6-3 (Groundball, 6) | Batting: RHB Chris Chandler | 0-0: Foul Ball, location: 2F 0-1: Ball 1-1: Swinging Strike 1-2: SINGLE (Line Drive, 56D) | Batting: SHB Douglas Taylor | 0-0: Ball 1-0: Called Strike 1-1: Ball 2-1: Ball 3-1: Base on Balls Chris Chandler to second | Batting: RHB Toshimichi Kono | 0-0: Ball 1-0: Ball 2-0: Fly out, F6 (Popup, 6) | Batting: RHB Oliver Lugo | 0-0: Called Strike 0-1: Ground out 6-3 (Groundball, 6) | Top of the 3rd over - 0 runs, 1 hit, 0 errors, 2 left on base; Kansas City 0 - Chicago 1 | BOTTOM OF THE 3RD |
---|
Chicago Machine batting - Pitching for Kansas City Kings : LHP Francisco Morales | Batting: SHB Edward Bartlett | 0-0: Called Strike 0-1: Fly out, F8 (Flyball, 8RS) | Batting: RHB Raúl Bauza | 0-0: Swinging Strike 0-1: Ball 1-1: Called Strike 1-2: Foul Ball, location: 2F 1-2: Ground out 5-3 (Groundball, 56) | Batting: RHB Gonzalo Gil | 0-0: Fly out, F3 (Popup, 3SF) | Bottom of the 3rd over - 0 runs, 0 hits, 0 errors, 0 left on base; Kansas City 0 - Chicago 1 | TOP OF THE 4TH |
---|
Kansas City Kings batting - Pitching for Chicago Machine : RHP Chris Mitchell | Batting: RHB Dave Parker | 0-0: Ball 1-0: Called Strike 1-1: SOLO HOME RUN (Flyball, 9D), Distance : 382 ft | Batting: RHB Cy Keynes | 0-0: Ball 1-0: Ball 2-0: Fly out, F7 (Line Drive, 7) | Batting: LHB Ron Crawford | 0-0: Called Strike 0-1: Ball 1-1: Ball 2-1: Foul Ball, location: 2F 2-2: Foul Ball, location: 2F 2-2: Fly out, F6 (Popup, 6MD) | Batting: RHB Rafael Carreón | 0-0: Ball 1-0: Called Strike 1-1: Swinging Strike 1-2: Ball 2-2: Ball 3-2: SINGLE (Groundball, 56D) | Batting: RHB Gregg Nelson | 0-0: Swinging Strike 0-1: Ground out 1-3 (Groundball, P) | Top of the 4th over - 1 run, 2 hits, 0 errors, 1 left on base; Kansas City 1 - Chicago 1 | BOTTOM OF THE 4TH |
---|
Chicago Machine batting - Pitching for Kansas City Kings : LHP Francisco Morales | Batting: SHB José Alomar | 0-0: Ball 1-0: Fly out, F2 (Popup, 25F) | Batting: RHB Doug Stephens | 0-0: Ball 1-0: Called Strike 1-1: Ball 2-1: Foul Ball, location: 2F 2-2: Foul Ball, location: 2F 2-2: Ground out 6-3 (Groundball, 6) | Batting: RHB Will Lott | 0-0: Ball 1-0: Called Strike 1-1: Ball 2-1: SOLO HOME RUN (Flyball, 7D), Distance : 411 ft | Batting: LHB Bernardo Montés | 0-0: Called Strike 0-1: Foul Ball, location: 2F 0-2: Strikes out swinging | Bottom of the 4th over - 1 run, 1 hit, 0 errors, 0 left on base; Kansas City 1 - Chicago 2 | TOP OF THE 5TH |
---|
Kansas City Kings batting - Pitching for Chicago Machine : RHP Chris Mitchell | Batting: RHB Chris Chandler | 0-0: Foul Ball, location: 2F 0-1: Ball 1-1: Ball 2-1: Fly out, F7 (Line Drive, 7D) | Batting: SHB Douglas Taylor | 0-0: Swinging Strike 0-1: Ball 1-1: Foul Ball, location: 2F 1-2: Ball 2-2: Ball 3-2: Base on Balls | Batting: RHB Toshimichi Kono | 0-0: Ball 1-0: Called Strike 1-1: Ball 2-1: Swinging Strike 2-2: Strikes out swinging | Batting: RHB Oliver Lugo | 0-0: Ball Pickoff Throw to First - Error! E1 Douglas Taylor to second 1-0: SINGLE (Line Drive, 89M) Douglas Taylor to third Runner from 3rd tries for Home, SAFE, no throw | Batting: RHB Dave Parker | 0-0: Called Strike 0-1: Ball 1-1: Swinging Strike 1-2: Ball 2-2: Foul Ball, location: 2F 2-2: Fly out, F9 (Flyball, 9) | Top of the 5th over - 1 run, 1 hit, 1 error, 1 left on base; Kansas City 2 - Chicago 2 | BOTTOM OF THE 5TH |
---|
Chicago Machine batting - Pitching for Kansas City Kings : LHP Francisco Morales | Batting: RHB Pablo Sandoval | 0-0: Ground out 1-3 (Groundball, 13) | Batting: RHB Lorenzo Guzmán | 0-0: SINGLE (Groundball, 4MD) | Batting: SHB Edward Bartlett | 0-0: Ball 1-0: Called Strike 1-1: Ball 2-1: Swinging Strike 2-2: Foul Ball, location: 2F 2-2: Strikes out swinging | Batting: RHB Raúl Bauza | 0-0: Called Strike 0-1: Called Strike 0-2: Fielders Choice at 2nd, 6-4 (Groundball, 6) | Bottom of the 5th over - 0 runs, 1 hit, 0 errors, 1 left on base; Kansas City 2 - Chicago 2 | TOP OF THE 6TH |
---|
Kansas City Kings batting - Pitching for Chicago Machine : RHP Chris Mitchell | Pitching: RHP Manuel Montoya | | Batting: RHB Cy Keynes | 0-0: Ball 1-0: Ball 2-0: Foul Ball, location: 2F 2-1: Ball 3-1: Foul Ball, location: 2F 3-2: Ground out 6-3 (Groundball, 6) | Batting: LHB Ron Crawford | 0-0: Called Strike 0-1: Called Strike 0-2: Ball 1-2: Foul Ball, location: 2F 1-2: Ball 2-2: Strikes out swinging | Batting: RHB Rafael Carreón | 0-0: DOUBLE (Line Drive, 89D) | Batting: RHB Gregg Nelson | 0-0: Ball 1-0: Ball 2-0: Ball 3-0: Called Strike 3-1: Fly out, F8 (Flyball, 8RD) | Top of the 6th over - 0 runs, 1 hit, 0 errors, 1 left on base; Kansas City 2 - Chicago 2 | BOTTOM OF THE 6TH |
---|
Chicago Machine batting - Pitching for Kansas City Kings : LHP Francisco Morales | Batting: RHB Gonzalo Gil | 0-0: Ball 1-0: Foul Ball, location: 2F 1-1: Foul Ball, location: 2F 1-2: Ball 2-2: Ball 3-2: Foul Ball, location: 2F 3-2: Ground out 5-3 (Groundball, 56) | Batting: SHB José Alomar | 0-0: Called Strike 0-1: Ball 1-1: Ball 2-1: Ground out 1-3 (Groundball, 13) | Batting: RHB Doug Stephens | 0-0: Ball 1-0: Ball 2-0: Foul Ball, location: 2F 2-1: Called Strike 2-2: Strikes out swinging | Bottom of the 6th over - 0 runs, 0 hits, 0 errors, 0 left on base; Kansas City 2 - Chicago 2 | TOP OF THE 7TH |
---|
Kansas City Kings batting - Pitching for Chicago Machine : RHP Manuel Montoya | Batting: RHB Chris Chandler | 0-0: Ball 1-0: Ball 2-0: Ball 3-0: Base on Balls | Batting: SHB Douglas Taylor | 0-0: Called Strike 0-1: Called Strike 0-2: Foul Ball, location: 2F 0-2: Fielders Choice at 2nd, 4-6 (Groundball, 4) | Batting: RHB Toshimichi Kono | 0-0: Called Strike 0-1: Ball 1-1: Called Strike 1-2: Foul Ball, location: 2F 1-2: Foul Ball, location: 2F 1-2: Grounds into double play, 5-4-3 (Groundball, 56) | Top of the 7th over - 0 runs, 0 hits, 0 errors, 0 left on base; Kansas City 2 - Chicago 2 | BOTTOM OF THE 7TH |
---|
Chicago Machine batting - Pitching for Kansas City Kings : LHP Francisco Morales | Batting: RHB Will Lott | 0-0: Ball 1-0: Called Strike 1-1: SINGLE (Groundball, 6MD) | Pinch Runner at 1st Carl O'Dell: | | Batting: LHB Bernardo Montés | 0-0: Ball 1-0: SINGLE (Groundball, 5D) Carl O'Dell to second | Batting: RHB Pablo Sandoval | 0-0: Ball Carl O'Dell steals 3rd base 1-0: Called Strike 1-1: Foul Ball, location: 2F 1-2: Fly out, F9 (Flyball, 9LSF) Runner from 3rd tags up, SCORES, no throw | Batting: RHB Lorenzo Guzmán | 0-0: Called Strike 0-1: SINGLE (Groundball, 6MD) Bernardo Montés to second | Pinch Runner at 2nd Tanyu Imai: | | Pinch Hitting: SHB Clint Woods | 0-0: Called Strike 0-1: Ball 1-1: Ball 2-1: Grounds into double play, 6-4-3 (Groundball, 6) | Bottom of the 7th over - 1 run, 3 hits, 0 errors, 1 left on base; Kansas City 2 - Chicago 3 | TOP OF THE 8TH |
---|
Kansas City Kings batting - Pitching for Chicago Machine : RHP Manuel Montoya | Now at 1B: Clint Woods | | Now at 3B: Jesús Ramírez | | Now in RF: Tanyu Imai | | Batting: RHB Oliver Lugo | 0-0: Called Strike 0-1: Ball 1-1: Foul Ball, location: 2F 1-2: Ground out 5-3 (Groundball, 56) | Batting: RHB Dave Parker | 0-0: Ball 1-0: Ball 2-0: Ball 3-0: Called Strike 3-1: Base on Balls | Batting: RHB Cy Keynes | 0-0: Grounds into double play, 6-4-3 (Groundball, 6) | Top of the 8th over - 0 runs, 0 hits, 0 errors, 0 left on base; Kansas City 2 - Chicago 3 | BOTTOM OF THE 8TH |
---|
Chicago Machine batting - Pitching for Kansas City Kings : LHP Francisco Morales | Batting: RHB Raúl Bauza | 0-0: Fly out, F9 (Line Drive, 89S) | Batting: RHB Gonzalo Gil | 0-0: Swinging Strike 0-1: Swinging Strike 0-2: Strikes out looking | Batting: SHB José Alomar | 0-0: Ball 1-0: Ball 2-0: Ball 3-0: Base on Balls | Batting: RHB Doug Stephens | 0-0: Called Strike 0-1: Called Strike 0-2: Ball 1-2: Ball 2-2: Fly out, F7 (Flyball, 7S) | Bottom of the 8th over - 0 runs, 0 hits, 0 errors, 1 left on base; Kansas City 2 - Chicago 3 | TOP OF THE 9TH |
---|
Kansas City Kings batting - Pitching for Chicago Machine : RHP Manuel Montoya | Pitching: RHP Víctor Reyes | | Batting: LHB Ron Crawford | 0-0: Called Strike 0-1: Ball 1-1: Ground out 1-3 (Groundball, 13) | Batting: RHB Rafael Carreón | 0-0: Ball 1-0: Called Strike 1-1: Ball 2-1: Foul Ball, location: 2F 2-2: Ball 3-2: Foul Ball, location: 2F 3-2: Base on Balls | Pinch Hitting: LHB Luis González | 0-0: Ball 1-0: Ball 2-0: Called Strike 2-1: Foul Ball, location: 2F 2-2: Fly out, F6 (Popup, 6M) | Batting: RHB Chris Chandler | 0-0: Ball 1-0: Foul Ball, location: 2F 1-1: Foul Ball, location: 2F 1-2: Ball 2-2: Foul Ball, location: 2F 2-2: Ball 3-2: Foul Ball, location: 2F 3-2: SINGLE (Flyball, 78M) Rafael Carreón to second Rafael Carreón to third | Batting: SHB Douglas Taylor | 0-0: Called Strike 0-1: Foul Ball, location: 2F 0-2: Ball 1-2: Foul Ball, location: 2F 1-2: Foul Ball, location: 2F 1-2: Strikes out swinging | Top of the 9th over - 0 runs, 1 hit, 0 errors, 2 left on base; Kansas City 2 - Chicago 3 | |